 Dungeon Crawl Stone Soup version 0.30-a0-365-ge7f957f1db (webtiles) character file.

Game seed: 15096961194146820982

67 MachoJfn the Firebug (level 4, -3/27 HPs)
             Began as an Octopode Fire Elementalist on Nov 16, 2022.
             Was an Initiate of Yredelemnul.
             Slain by an adder (4 damage)
             ... on level 2 of the Dungeon.
             The game lasted 00:11:48 (812 turns).

MachoJfn the Firebug (Octopode Fire Elementalist)    Turns: 812, Time: 00:11:52

Health: -3/27      AC:  1    Str:  7    XL:     4   Next: 18%
Magic:  1/7        EV: 13    Int: 19    God:    Yredelemnul [......]
Gold:   66         SH:  0    Dex: 12    Spells: 7/8 levels left

rFire   + . .      SeeInvis .    b - +0 club
rCold   + . .      Faith    .    (no shield)
rNeg    . . .      Spirit   .    (helmet restricted)
rPois   +          Reflect  .    (no amulet)
rElec   +          Harm     .    (no ring)
rCorr   +          Rampage  .    (no ring)
Will    .....                    (no ring)
Stlth   +++.......               (no ring)
HPRegen 0.24/turn                (no ring)
MPRegen 0.10/turn                (no ring)
                                 (no ring)
                                 (no ring)

@: lethally poisoned (-3 -> -14), about to teleport, resistant, slowed, very
slow
A: almost no armour, amphibious, 8 rings, camouflage 1, gelatinous body 1,
(nimble swimmer 1), tentacles
a: Renounce Religion, Recall Undead Harvest


You were on level 2 of the Dungeon.
You worshipped Yredelemnul.
Yredelemnul was noncommittal.
You visited 1 branch of the dungeon, and saw 2 of its levels.

You collected 66 gold pieces.

Inventory:

Hand Weapons
 b - a +0 club (weapon)
 f - a +0 dagger
Scrolls
 c - a scroll of immolation
 g - 3 scrolls of teleportation
Potions
 a - a potion of degeneration {unknown}
 d - a potion of haste {unknown}


   Skills:
 + Level 0.1 Fighting
 + Level 2.3 Dodging
 + Level 3.2 Stealth
 + Level 2.5 Spellcasting
 + Level 1.3 Conjurations
 + Level 4.0 Fire Magic


You had 7 spell levels left.
You knew the following spells:

 Your Spells              Type           Power      Damage    Failure   Level
a - Foxfire               Conj/Fire      48%        2x1d6     5%          1

Your spell library contained the following spells:

 Spells                   Type           Power      Damage    Failure   Level
 Scorch                   Fire           34%        2d7       4%          2
 Magic Dart               Conj           28%        1d4       10%         1
 Searing Ray              Conj           14%        2d5       14%         2
 Inner Flame              Hex/Fire       10%        N/A       22%         3
 Kindle Blastsparks       Fire/Tloc/Air  14%        2d11      28%         3
 Flame Wave               Conj/Fire      12%        2d6       47%         4
 Fulminant Prism          Conj/Hex       2%         3d5       77%         4


Dungeon Overview and Level Annotations

Branches:
Dungeon (2/15)

Altars:
Yredelemnul


Innate Abilities, Weirdness & Mutations

You cannot wear most types of armour.
You are amphibious.
You can wear up to eight rings at the same time.
Your skin changes colour to match your surroundings (Stealth+).
Your rubbery body absorbs attacks. (AC +1, EV +1)
((You are camouflaged when in or above water. (Stealth+)))
You have tentacles for arms and can constrict up to eight enemies at once.


Message History

The foxfire hits the adder.
The adder is moderately wounded.
The kobold hits you but does no damage.
Jessica misses the kobold.
You cannot move.
The foxfire hits the adder.
The adder is heavily wounded.
The adder bites you but does no damage. x2
The kobold hits you but does no damage. The adder bites you but does no damage.
Jessica barely misses the kobold.
The adder bites you but does no damage. The adder barely misses you.
The kobold hits you but does no damage. The adder bites you. x2
Jessica hits the kobold but does no damage.
The kobold hits you but does no damage. The adder bites you but does no damage.
The adder bites you but does no damage. x2; Jessica hits the kobold.
The kobold hits you but does no damage.
The adder bites you but does no damage. x2
You barely miss the adder.
The adder is heavily wounded.
You feel less wooden. The adder bites you.
The adder bites you but does no damage. The kobold closely misses you.
Jessica hits the kobold.
The adder bites you.
* * * LOW HITPOINT WARNING * * *
You are poisoned.
The adder poisons you! The adder misses you.
The kobold hits you but does no damage.
Jessica closely misses the kobold.
The adder misses you.
As you read the scroll of teleportation, it crumbles to dust.
You feel strangely unstable.
You feel sick. The adder bites you.
* * * LOW HITPOINT WARNING * * *
You are lethally poisoned!
The adder poisons you! The kobold hits you with a +0 dagger.
* * * LOW HITPOINT WARNING * * *
The adder bites you.
* * * LOW HITPOINT WARNING * * *
The adder closely misses you.
Jessica hits the kobold but does no damage.
The kobold hits you with a +0 dagger.
* * * LOW HITPOINT WARNING * * *
The adder bites you.
You die...
Your body rises from the dead as a mindless zombie.

..r..######
.#..#....# #
....#....# ..
........ #.###.....
##### #...#.#..##
#....
##........r##..##
..........ZKS...#
#§....<..)S@...#
#§........###....#
###.###...<........
.. ......... ....
... ###......# ###
## #.#......
#...##... #..$ #.


You could see 2 adders, a kobold, a rat and the friendly Jessica the human
zombie.

Vanquished Creatures
  Jessica (D:2)
  2 endoplasms (D:1)
  A goblin (D:1)
  2 hobgoblins (D:1)
  3 bats (D:1)
  A frilled lizard (D:1)
  2 rats (D:2)
12 creatures vanquished.

Vanquished Creatures (collateral kills)
  Natasha (D:2)
  A ball python (D:1)
  A giant cockroach (D:1)
  A goblin (D:1)
  A quokka (D:1)
5 creatures vanquished.

Vanquished Creatures (others)
  2 bat zombies (D:1)
  33 foxfires
35 creatures vanquished.

Grand Total: 52 creatures vanquished

Notes
Turn   | Place    | Note
-------+----------+-------------------------------------------
     0 | D:1      | MachoJfn the Octopode Fire Elementalist began the quest for
                  | the Orb.
     0 | D:1      | Reached XP level 1. HP: 11/11 MP: 3/3
   233 | D:1      | Reached XP level 2. HP: 17/17 MP: 1/5
   366 | D:1      | Found a faded altar of an unknown god.
   390 | D:1      | Prayed at the altar of an unknown god.
   390 | D:1      | Became a worshipper of Yredelemnul the Dark
   390 | D:1      | Reached * piety under Yredelemnul
   790 | D:2      | Noticed Jessica
   792 | D:2      | Noticed Natasha
   799 | D:2      | Killed Jessica
   800 | D:2      | Reached XP level 3. HP: 19/21 MP: 1/6
   804 | D:2      | Killed Natasha
   805 | D:2      | Reached skill level 4 in Fire Magic
   805 | D:2      | Reached XP level 4. HP: 24/27 MP: 0/7
   812 | D:2      | HP: 1/27 [kobold/+0 dagger (2)]
   812 | D:2      | Slain by an adder

Illustrated notes

Levels and vault maps discovered:
D:1:      co_arrival_hall_of_pillars, layout_rooms,
          shapermc_ecumenical_altar_totnotflames
D:2:      layout_rooms, uniq_natasha, uniq_jessica

Skill      XL: |  1  2  3 |
---------------+----------+-----
Stealth        | 3 |  3.2
Fire Magic     | 4 |  4.0
Fighting       | |  0.1
Dodging        | |  2.3
Spellcasting   | |  2.5
Conjurations   | |  1.3

Action                   |  1- 3 |  4- 6 || total
-------------------------+-------+-------++-------
Melee: Unarmed           |     7 |       ||     7
       Tentacles         |     2 |       ||     2
       Club              |     2 |     2 ||     4
       Constrict         |     1 |       ||     1
       Punch             |     1 |       ||     1
 Cast: Foxfire           |    20 |     1 ||    21
  Use: Scroll            |     8 |     1 ||     9
       Potion            |     2 |       ||     2
 Stab: Sleeping          |     1 |       ||     1
Armor: Skin              |    12 |    18 ||    30
Dodge: Dodged            |    24 |     8 ||    32

Table legend: (Time is in decaauts)
 A = Elapsed time spent in this place.
 B = Non-inter-level travel time spent in this place.
 C = Inter-level travel time spent in this place.
 D = Time resting spent in this place.
 E = Time spent auto-exploring this place.
 F = Levels seen in this place.
 G = Mean time per level.
                   A        B        C        D        E       F      G
               +--------+--------+--------+--------+--------+-----+--------+
         Total |    815 |    210 |    605 |     30 |      0 |   2 |  407.5 |
       Dungeon |    815 |    210 |    605 |     30 |      0 |   2 |  407.5 |
               +--------+--------+--------+--------+--------+-----+--------+

Top non-repeatable levels by time:
     D:1: 784 daAuts
     D:2: 31 daAuts
